 Dungeon Crawl Stone Soup version 0.25.1-2-g60ff931df9 (webtiles) character file.

Game seed: 15659927571249309527

358 Exodus22XD the Slasher (level 6, 0/48 HPs)
             Began as a Human Berserker on Oct 17, 2020.
             Was a Priest of Trog.
             Slain by a worker ant (6 damage)
             ... on level 4 of the Dungeon.
             The game lasted 00:03:44 (3325 turns).

Exodus22XD the Slasher (Human Berserker)            Turns: 3325, Time: 00:03:45

Health: 0/48       AC:  6    Str: 20    XL:     6   Next: 97%
Magic:  6/6        EV: 12    Int:  7    God:    Trog [***...]
Gold:   133        SH:  0    Dex: 12    Spells: 5/5 levels left

rFire    . . .     SeeInvis .   a - +0 falchion
rCold    . . .     Gourm    .   (no shield)
rNeg     . . .     Faith    .   p - +0 ring mail (curse)
rPois    .         Spirit   .   (no helmet)
rElec    .         Reflect  .   u - +0 cloak
rCorr    .         Harm     .   (no gloves)
MR       .....                  (no boots)
Stlth    +.........             (no amulet)
HPRegen  0.16/turn              x - ring of flight
MPRegen  0.10/turn              (no ring)

@: lethally poisoned (0 -> -4), berserk cooldown, slowed, very slow
A: no striking features
a: Berserk, Trog's Hand, Renounce Religion, Evoke Flight


You were on level 4 of the Dungeon.
You worshipped Trog.
Trog was most pleased with you.
You were hungry.

You visited 1 branch of the dungeon, and saw 4 of its levels.

You collected 133 gold pieces.

Inventory:

Hand Weapons
 a - a +0 falchion (weapon)
Armour
 p - a cursed +0 ring mail (worn)
 u - a +0 cloak (worn)
 y - a +0 scale mail
Jewellery
 x - a ring of flight (left hand)
Scrolls
 e - a scroll of enchant armour {unknown}
 f - 2 scrolls of teleportation {unknown}
 g - a scroll of fog {unknown}
 i - 3 scrolls of immolation {unknown}
 k - 9 scrolls of identify {unknown}
 q - a scroll of random uselessness {unknown}
 r - 2 scrolls of magic mapping {unknown}
 s - a scroll of amnesia {unknown}
 t - 2 scrolls of blinking {unknown}
Potions
 b - a potion of magic {unknown}
 d - a potion of curing {unknown}
 h - 2 potions of brilliance {unknown}
 j - 3 potions of heal wounds {unknown}
 l - a potion of ambrosia {unknown}
 n - a potion of might {unknown}
 o - 2 potions of mutation {unknown}
 v - a potion of invisibility {unknown}
 w - a potion of degeneration {unknown}
Comestibles
 c - 6 rations
 m - a chunk of flesh


   Skills:
 + Level 4.3 Fighting
 + Level 5.2 Long Blades
 + Level 3.1 Armour
 + Level 3.3 Dodging


You had 5 spell levels left.
You didn't know any spells.
Your spell library was empty.

Dungeon Overview and Level Annotations

Branches:
Dungeon (4/15)
 Temple: D:4-7

Altars:
Ashenzari
Xom
The Shining One


Message History

You barely miss the orc priest.
The orc priest is almost dead.
The orc priest hits you with a +0 hand axe.
* * * LOW HITPOINT WARNING * * *
You hit the orc priest but do no damage.
The orc priest is almost dead.
The orc priest invokes the aid of Beogh against you.
You barely resist. The orc priest barely misses you.
You riposte.
You slash the orc priest!
You kill the orc priest!
Trog accepts your kill. The worker ant bites you.
* * * LOW HITPOINT WARNING * * *
You are poisoned.
The worker ant poisons you!
You feel sick.
You feel sick.
The worker ant bites you but does no damage.
You feel sick. The worker ant bites you.
You die...

....!.. ....
....... ##..###
.......###.....#
.......))......#
##########.#..##
#.# # #.# #a#
#@# #.# #.# #.#
#<# ###


You could see a worker ant.

Vanquished Creatures
  The ghost of grovkorv the Magician, an amateur SpAE of Makhleb (D:3)
  An orc priest (D:4)
  Crazy Yiuf (D:2)
  2 jellies (D:2)
  Jessica (D:2)
  3 adders
  10 oozes (D:2)
  2 worms (D:3)
  2 dart slugs
  2 leopard geckos
  8 orcs
  3 giant cockroaches
  3 goblins
  3 hobgoblins
  4 jackals (D:1)
  A quokka (D:2)
  A ball python (D:3)
  3 bats
  5 frilled lizards
  13 kobolds
  7 rats
76 creatures vanquished.

Vanquished Creatures (others)
  5 dream sheep (D:3)
  4 fungi (D:2)
  5 toadstools (D:2)
14 creatures vanquished.

Grand Total: 90 creatures vanquished

Notes
Turn   | Place    | Note
-------+----------+-------------------------------------------
     0 | D:1      | Exodus22XD the Human Berserker began the quest for the Orb.
     0 | D:1      | Reached XP level 1. HP: 18/18 MP: 1/1
   142 | D:1      | Reached XP level 2. HP: 14/24 MP: 2/2
   769 | D:1      | Reached XP level 3. HP: 28/29 MP: 3/3
  1271 | D:2      | Noticed Jessica
  1276 | D:2      | Killed Jessica
  1276 | D:2      | Reached XP level 4. HP: 28/37 MP: 4/4
  1493 | D:2      | Reached ** piety under Trog
  1677 | D:2      | Reached skill level 4 in Long Blades
  1677 | D:2      | Reached XP level 5. HP: 38/42 MP: 5/5
  2228 | D:2      | Reached XP level 6. HP: 48/48 MP: 6/6
  2270 | D:2      | Found a runed translucent door.
  2271 | D:2      | Noticed Crazy Yiuf
  2279 | D:2      | Killed Crazy Yiuf
  2741 | D:3      | Reached *** piety under Trog
  2784 | D:3      | Found a glowing golden altar of the Shining One.
  2923 | D:3      | Found a runed translucent door.
  2938 | D:3      | Noticed grovkorv's ghost (amateur SpAE)
  2963 | D:3      | Noticed a dream sheep
  2963 | D:3      | Noticed a dream sheep
  2963 | D:3      | Noticed a dream sheep
  2963 | D:3      | Noticed a dream sheep
  2963 | D:3      | Noticed a dream sheep
  2963 | D:3      | Found a shimmering altar of Xom.
  2969 | D:3      | Killed a dream sheep
  2969 | D:3      | Killed a dream sheep
  2970 | D:3      | Killed a dream sheep
  2970 | D:3      | Killed a dream sheep
  2973 | D:3      | Killed a dream sheep
  3026 | D:3      | Found a shattered altar of Ashenzari.
  3223 | D:3      | Killed grovkorv's ghost
  3223 | D:3      | Reached skill level 5 in Long Blades
  3325 | D:4      | Slain by a worker ant

Illustrated notes

Levels and vault maps discovered:
D:1:      dpeg_arrival_circle_labyrinth_a, layout_basic
D:2:      cheibrodos_fertilizer, layout_basic, first_ration,
          minmay_misc_feat_nine_boxes, uniq_crazy_yiuf_cottage, uniq_jessica
D:3:      layout_rooms, ashenzari_altar_1, kb_xom_exploding_sheep,
          ebering_ghost_sewer_d, tso_metal_star
D:4:      layout_basic, makhleb_grotto_becter

Skill      XL: |  1  2  3  4  5  6 |
---------------+-------------------+-----
Long Blades    | 4 5 |  5.2
Fighting       | 4 |  4.3
Dodging        | 3 |  3.3
Armour         | 3 |  3.1

Action                   |  1- 3 |  4- 6 || total
-------------------------+-------+-------++-------
Melee: Falchion          |    69 |   181 ||   250
Invok: Berserk           |     1 |     4 ||     5
 Stab: Sleeping          |     3 |       ||     3
  Eat: Chunk             |     2 |    10 ||    12
Armor: Animal skin       |    29 |       ||    29
       Ring mail         |       |    66 ||    66
Dodge: Dodged            |    67 |   125 ||   192
       Rpst.: Falchion   |    24 |    38 ||    62
